cohdb
Replays
Latest Replays
All Replays
Popular Replays
Top Player Replays
Match Explorer
How It Works
Community
CoH3 Stats
Reddit
Sign in to upload your games and track your stats! →
Sign in with Steam
Match 45656001
Unlisted
Match 45656001
Overview
Messages
Build Orders
End
Engineer Squad
Construct Barracks
Selects Armored Battlegroup
Selects Veteran Crews
1⁄4-ton 4x4 Truck
Riflemen Squad
M1 Mortar Team
Riflemen Squad
Air Support Center
Riflemen Squad
P-47 Strafing Run
P-47 Dive Bomb
Construct Medical Station
P-47 Strafing Run
M1918 Browning Automatic Rifles
P-47 Dive Bomb
Construct Tank Depot
P-47 Strafing Run
M18 Hellcat Tank Destroyer
Selects Fast Deploy
Selects M8 Scott SPG
Grasshopper Recon Run
P-47 Strafing Run
M18 Hellcat Tank Destroyer
Grasshopper Recon Run
P-47 Strafing Run
M8 Scott SPG
Riflemen Squad
Grasshopper Recon Run
Grenade Package
P-47 Strafing Run
Selects UNKNOWN (2160077)
P-47 Strafing Run
M4A3E8 Sherman Easy Eight
Grasshopper Recon Run
P-47 Strafing Run
Grasshopper Recon Run
M4A3E8 Sherman Easy Eight
XuZhongwei
3+++
saber
gyujin
0
0
Comments
sign in to comment!
No comments posted yet!